 Dungeon Crawl Stone Soup version 0.30.1-3-gfc49f6343a (webtiles) character file.

Game seed: 14981816976015505174

1544 CaptainMV the Cutter (level 8, -6/59 HPs)
             Began as a Demonspawn Wanderer on July 27, 2023.
             Was a Follower of Yredelemnul.
             Engulfed by a cloud of flame (8 damage)
             ... on level 6 of the Dungeon.
             The game lasted 00:36:16 (4004 turns).

CaptainMV the Cutter (Demonspawn Wanderer)          Turns: 4004, Time: 00:36:16

Health: -6/59      AC: 17    Str: 13    XL:     8   Next: 56%
Magic:  4/8        EV: 10    Int: 11    God:    Yredelemnul [*.....]
Gold:   372        SH:  0    Dex: 21    Spells: 7/7 levels left

rFire   . . .        a - +3 long sword of Etydwoz {drain, Dex+4}
rCold   . . .        (no shield)
rNeg    . . .        c - +0 scale mail
rPois   .            (no helmet)
rElec   .            (no cloak)
rCorr   .            (no gloves)
SInv    .            (no boots)
Will    .....        k - amulet of faith
Stlth   +            r - +4 ring of protection
HPRegen 0.29/turn    (no ring)
MPRegen 0.11/turn

%: faith
@: sanguine armoured
A: powered by pain 1, sanguine armour 1, demonic touch 2
a: Renounce Religion, Recall Undead Harvest


You were on level 6 of the Dungeon.
You worshipped Yredelemnul.
Yredelemnul was noncommittal.
You visited 1 branch of the dungeon, and saw 6 of its levels.

You collected 372 gold pieces.

Inventory:

Hand Weapons
 a - the +3 long sword of Etydwoz (weapon) {drain, Dex+4}
   (You found it on level 4 of the Dungeon)

   Dex:       It affects your dexterity (+4).
 b - a +1 short sword of speed
 n - a +2 short sword
Missiles
 j - 2 poisoned darts (quivered)
Armour
 c - a +0 scale mail (worn)
 l - a +0 cloak
 y - a +1 cloak
Jewellery
 e - a ring of willpower
 k - an amulet of faith (around neck)
 q - a ring of protection from fire
 r - a +4 ring of protection (left hand)
Scrolls
 p - 2 scrolls of amnesia
 s - a scroll of teleportation
 v - a scroll of identify
Potions
 d - a potion of ambrosia {unknown}
 f - a potion of berserk rage
 i - a potion of might {unknown}
 m - 4 potions of cancellation {unknown}
 o - a potion of invisibility {unknown}
 t - 2 potions of degeneration {unknown}
 u - a potion of mutation
 w - a potion of flight {unknown}


   Skills:
 + Level 3.6 Fighting
 + Level 6.1(6.8) Short Blades
 + Level 4.5(6.0) Long Blades
 + Level 5.6 Armour
 + Level 2.8 Dodging
 + Level 2.2 Stealth
 + Level 1.0 Unarmed Combat
 + Level 1.0 Invocations


You had 7 spell levels left.
You didn't know any spells.
Your spell library contained the following spells:

 Spells                   Type           Power      Damage    Failure   Level
 Shock                    Conj/Air       0%         1d3       82%         1
 Blink                    Tloc           0%         N/A       91%         2
 Lesser Beckoning         Tloc           0%         N/A       91%         2
 Momentum Strike          Conj/Tloc      0%         3d8       91%         2
 Scorch                   Fire           0%         2d5       91%         2
 Dazzling Flash           Conj/Hex       0%         N/A       99%         3
 Swiftness                Air            0%         N/A       99%         3
 Airstrike                Air            0%         2d(0-16)  100%        4
 Flame Wave               Conj/Fire      0%         2d4       100%        4
 Agony                    Necr           0%         N/A       100%        5
 Silence                  Hex/Air        0%         N/A       100%        5
 Summon Cactus Giant      Summ           0%         N/A       100%        6


Dungeon Overview and Level Annotations

Branches:
Dungeon (6/15)
 Temple: D:4-7

Altars:
Cheibriados
Fedhas
Kikubaaqudgha
Nemelex Xobeh
Sif Muna
Uskayaw
Yredelemnul

Shops:
D:4 =   D:6 *


Innate Abilities, Weirdness & Mutations

You sometimes gain a little power by taking damage.
When seriously injured, your blood forms armour. (AC +6)
Your touch may inflict irresistible damage on your foes.


Message History

The kobold brigand zombie is engulfed in blazing flames.
That felt strangely unrewarding.
The kobold brigand zombie explodes!
The fiery explosion engulfs your kobold zombie!!!
Your kobold zombie explodes!
The fiery explosion engulfs your iguana zombie!!
Your iguana zombie explodes!
You hear a shout!
You can no longer trade souls for undead servants.
You are engulfed in blazing flames.
* * * LOW HITPOINT WARNING * * *
An orc comes into view. It is wielding a +0 flail.
The orc shouts!
The orc hits you but does no damage. The orc closely misses you.
Your orc zombie is engulfed in blazing flames.
Your orc zombie explodes!
The fiery explosion engulfs Eustachio!!!
You destroy Eustachio!
You hear a shout!
You feel much better.
Your blood armour dries and flakes away.
The orc warrior hits you from afar with a +0 glaive!
Your blood congeals into armour.
The orc barely misses you.
You are engulfed in blazing flames.
* * * LOW HITPOINT WARNING * * *
The orc suddenly grunts, in orcish tradition.
Your orc wizard zombie is engulfed in blazing flames.
You are engulfed in blazing flames.
* * * LOW HITPOINT WARNING * * *
You feel less confused.
An orc comes into view. It is wielding a +0 club.
You can now trade souls for undead servants.
Okay, then.
Okay, then.
Yredelemnul sends a servant to aid you.
Yredelemnul accepts your bounty of souls!
You can no longer trade souls for undead servants.
You are engulfed in blazing flames.
You die...
Your body rises from the dead as a mindless zombie.

#.####
#.....
#.#
#.....
#Z##
###.##
#).# .#
##Z## .#
##§Z§##
..
#8§§☼8#
#.
##.§.§.##
.#
#..§@§§.#
#.8o§.8.#


#ooo§☼Wo# #..ooooo# #o8oo.8.# #.ooo...# #...o...# #.8.o.8.# #.......# You could
see 3 orc warriors, 2 orc wizards, 13 orcs, a friendly shadow (summoned), a
friendly kobold zombie, a friendly orc zombie and a friendly orc wizard zombie.

Vanquished Creatures
  Eustachio (D:6)
  Edmund (D:6)
  The ghost of opiumtea the Magician, an amateur DEFE (D:4)
  A water moccasin (D:6)
  An orc warrior (D:6)
  A sky beast (D:6)
  2 ogres (D:5)
  2 phantoms
  2 scorpions (D:4)
  A hound (D:5)
  A jelly (D:5)
  2 sleepcaps
  2 iguanas
  An orc wizard (D:6)
  2 kobold zombies (D:6)
  Robin (D:2)
  4 gnolls (D:3)
  6 adders
  2 human zombies (D:6)
  An ufetubus (D:6)
  An iguana zombie (D:6)
  5 worms
  3 dart slugs
  6 orcs (D:6)
  3 ball pythons
  6 bats
  8 endoplasms
  2 giant cockroaches
  18 goblins
  10 hobgoblins
  6 kobolds
  3 quokkas
  A ball python zombie (D:3)
  7 frilled lizards
  A jackal zombie (D:3)
  2 orc zombies (D:6)
  2 rats
119 creatures vanquished.

Vanquished Creatures (collateral kills)
  A kobold brigand (D:6)
  A kobold (D:6)
2 creatures vanquished.

Vanquished Creatures (others)
  A dart slug zombie (D:4)
1 creature vanquished.

Grand Total: 122 creatures vanquished

Notes
Turn   | Place    | Note
-------+----------+-------------------------------------------
     0 | D:1      | CaptainMV the Demonspawn Wanderer began the quest for the
                  | Orb.
     0 | D:1      | CaptainMV set off with the following items: a +2 short
                  | sword, a potion of mutation, a +0 scale mail, a scroll of
                  | vulnerability.
     0 | D:1      | Reached XP level 1. HP: 13/13 MP: 1/1
   157 | D:1      | Reached skill level 4 in Short Blades
   157 | D:1      | Gained mutation: Your touch may inflict minor irresistible
                  | damage on your foes. [demonic ancestry]
   157 | D:1      | Reached XP level 2. HP: 19/19 MP: 2/2
   496 | D:1      | Found a faded altar of an unknown god.
   515 | D:1      | Reached XP level 3. HP: 24/25 MP: 3/3
   962 | D:2      | Gained mutation: You sometimes gain a little power by
                  | taking damage. [demonic ancestry]
   962 | D:2      | Reached XP level 4. HP: 23/31 MP: 4/4
  1012 | D:2      | Noticed Robin
  1026 | D:2      | Killed Robin
  1206 | D:2      | Reached skill level 1 in Fighting
  1594 | D:3      | Found a basalt altar of Yredelemnul.
  1988 | D:3      | Gained mutation: When seriously injured, your blood forms
                  | armour. (AC +6) [demonic ancestry]
  1988 | D:3      | Reached XP level 5. HP: 37/37 MP: 5/5
  2012 | D:3      | Reached skill level 5 in Short Blades
  2137 | D:3      | Became a worshipper of Yredelemnul the Dark
  2482 | D:4      | Reached * piety under Yredelemnul
  2502 | D:4      | Noticed a phantom
  2519 | D:4      | Killed a phantom
  2520 | D:4      | Reached XP level 6. HP: 44/44 MP: 6/6
  2526 | D:4      | Identified the +3 long sword of Etydwoz {drain, Dex+4}
  2600 | D:4      | Found a runed translucent door.
  2600 | D:4      | Noticed opiumtea's ghost (amateur DEFE)
  2617 | D:4      | Killed opiumtea's ghost
  2652 | D:4      | Found a shimmering blue altar of Sif Muna.
  2723 | D:4      | Gained mutation: Your touch may inflict irresistible damage
                  | on your foes. [demonic ancestry]
  2723 | D:4      | Reached XP level 7. HP: 51/51 MP: 7/7
  2726 | D:4      | Found Nadiwn's Jewellery Shop.
  2911 | D:4      | Reached ** piety under Yredelemnul
  3029 | D:5      | Entered Level 5 of the Dungeon
  3410 | D:5      | Reached skill level 1 in Long Blades
  3446 | D:5      | Reached skill level 5 in Armour
  3447 | D:5      | Found a hide-covered altar of Uskayaw.
  3447 | D:5      | Noticed a +0 hand axe
  3447 | D:5      | Noticed a +0 hand axe
  3498 | D:5      | Found a snail-covered altar of Cheibriados.
  3739 | D:5      | Found a sparkling altar of Nemelex Xobeh.
  3743 | D:5      | Found an ancient bone altar of Kikubaaqudgha.
  3751 | D:5      | Found a blossoming altar of Fedhas.
  3824 | D:6      | Noticed Eustachio
  3828 | D:6      | Reached skill level 6 in Short Blades
  3833 | D:6      | Killed Eustachio
  3834 | D:6      | Reached XP level 8. HP: 34/58 MP: 8/8
  3862 | D:6      | Found Oxodgh's General Store.
  3879 | D:6      | Noticed Edmund
  3883 | D:6      | Killed Edmund
  3888 | D:6      | Reached *** piety under Yredelemnul
  3889 | D:6      | Reached skill level 1 in Invocations
  3914 | D:6      | Reached **** piety under Yredelemnul
  3978 | D:6      | Found a runed translucent door.
  4000 | D:6      | Your ally Eustachio died
  4003 | D:6      | HP: 2/59 [cloud of flame (3)]
  4004 | D:6      | Engulfed by a cloud of flame

Illustrated notes

Levels and vault maps discovered:
D:1:      minmay_arrival_solitary_statue, layout_basic,
          ebering_ecumenical_altar_sacrificial
D:2:      layout_loops_ring, uniq_robin
D:3:      layout_basic, lemuel_zombie_altar_yredelemnul, st_stairs_3,
          serial_park_tiny_1, skrybe_limestone_x, bh_walls_and_bars
D:4:      layout_gridville, mainiacjoe_overflow_24_doors,
          hellmonk_ghost_happy_afterlife, serial_shops, shop
D:5:      layout_gridville, minmay_overflow_temple_star_quad,
          dancing_weapons_uskayaw, cheibrodos_worm_habitat
D:6:      layout_loops_cross, mainiacjoe_overflow_six_doors_small, serial_shops,
          shop, lightli_church_of_beogh, uniq_edmund, uniq_eustachio

Skill      XL: |  1  2  3  4  5  6  7  8 |
---------------+-------------------------+-----
Short Blades   | 4 5 6 |  6.1
Armour         | 3 4 5 |  5.6
Fighting       | 1 2 3 |  3.6
Dodging        | 2 |  2.8
Long Blades    | 2 4 |  4.5
Stealth        | 2 |  2.2
Invocations    | 1 |  1.0
Unarmed Combat | |  1.0

Action                     |  1- 3 |  4- 6 |  7- 9 || total
---------------------------+-------+-------+-------++-------
  Melee: Short sword       |   105 |   148 |       ||   253
         Touch             |    10 |    27 |    12 ||    49
         Punch             |       |     4 |     1 ||     5
         Long sword        |       |     7 |    66 ||    73
  Throw: Dart              |       |       |     1 ||     1
 Invoke: Recall Undead Har |       |     2 |       ||     2
         Dark Bargain      |       |       |     1 ||     1
    Use: Scroll            |     1 |     2 |     7 ||    10
         Potion            |       |       |     6 ||     6
   Stab: Distracted        |       |       |     2 ||     2
 Armour: Scale mail        |    37 |    64 |    22 ||   123
  Dodge: Dodged            |    47 |    60 |    37 ||   144
